 Dungeon Crawl Stone Soup version 0.23-a0-391-g8c51ad5 (webtiles) character file.

2973673 Dratini the Conqueror (level 27, 226/250 HPs)
             Began as a Minotaur Berserker on Oct 27, 2018.
             Was the Champion of Trog.
             Escaped with the Orb
             ... and 5 runes on Oct 30, 2018!
             The game lasted 13:23:11 (79066 turns).

Dratini the Conqueror (Minotaur Berserker)         Turns: 79066, Time: 13:23:11

Health: 226/250    AC: 26    Str: 24    XL:     27
Magic:  13/25      EV: 39    Int:  9    God:    Trog [******]
Gold:   2260       SH:  0    Dex: 23    Spells: 26/26 levels left

rFire    + . .     SeeInvis .   a - +10 battleaxe of Butchery {flame, rF+ Str+2}
rCold    + . .     Gourm    .   (shield currently unavailable)
rNeg     + + .     Faith    .   Y - +4 faerie dragon scales {rN+ MR+ rCorr HP+5 Slay+3}
rPois    +         Spirit   .   (helmet unavailable)
rElec    +         Reflect  .   V - +2 cloak {rPois}
rCorr    +         Harm     .   g - +0 pair of fencer's gloves {+Riposte Dex+3}
MR       ++++.                  q - +0 pair of boots of Prudence {+Inv +Fly Regen+ rCorr}
Stlth    +.........             E - amulet of regeneration
HPRegen  1.31/turn              G - ring "Yvyukur" {EV+4 Int+4}
MPRegen  0.19/turn              M - ring "Dahi" {+Fly rElec rN+}

@: hasted, very quick
A: retaliatory headbutt, horns 3, cold resistance 1, frail 1, magic resistance
1, weak 1, MP-powered wands
0: Orb of Zot
}: 5/15 runes: decaying, serpentine, slimy, silver, abyssal
a: Berserk, Trog's Hand, Brothers in Arms, Renounce Religion, Evoke
Invisibility, Evoke Flight


You escaped.
You worshipped Trog.
Trog was exalted by your worship.
You were not hungry.

You visited 10 branches of the dungeon, and saw 54 of its levels.
You visited the Abyss 1 time.
You visited 1 bazaar.
You also visited: Ossuary, Ice Cave and Wizlab.

You collected 10208 gold pieces.
You spent 7948 gold pieces at shops.

Inventory:

Hand Weapons
 a - the +10 battleaxe of Butchery (weapon) {flame, rF+ Str+2}
   (Trog gifted it to you on level 3 of the Elven Halls)

   It has been specially enchanted to burn those struck by it, causing extra
   injury to most foes and up to half again as much damage against particularly
   susceptible opponents.
   Big, fiery blades are also staple armaments of hydra-hunters.
   It affects your strength (+2).
   It protects you from fire.
 j - a +9 antimagic executioner's axe
 I - a +5 executioner's axe of distortion
Missiles
 h - 2023 stones
 z - 51 tomahawks (quivered)
Armour
 g - the +0 pair of fencer's gloves (worn) {+Riposte Dex+3}
   (You acquired it on level 5 of the Pits of Slime)

   It affects your dexterity (+3).
 q - the +0 pair of boots of Prudence (worn) {+Inv +Fly Regen+ rCorr}
   (You found it on level 5 of the Realm of Zot)

   It lets you turn invisible.
   It lets you fly.
   It increases your rate of regeneration.
   It provides partial protection from all sources of acid and corrosion.
 r - the +2 hat "Mohiuh" {-Cast MR+ Dex+2}
   (You acquired it on level 3 of the Elven Halls)

   It affects your dexterity (+2).
   It affects your resistance to hostile enchantments.
   It prevents spellcasting.
 v - a +2 pair of boots of running
 V - a +2 cloak of poison resistance (worn)
 Y - the +4 faerie dragon scales (worn) {rN+ MR+ rCorr HP+5 Slay+3}
   (You took it off the Enchantress on level 15 of the Dungeon)

   It affects your accuracy and damage with ranged weapons and melee attacks
   (+3).
   It protects you from negative energy.
   It affects your resistance to hostile enchantments.
   It affects your health (+5).
   It provides partial protection from all sources of acid and corrosion.
Jewellery
 E - an amulet of regeneration (around neck)
 F - an uncursed ring of protection from cold
 G - the ring "Yvyukur" (left hand) {EV+4 Int+4}
   (You bought it in a shop on level 3 of the Snake Pit)

   [ring of evasion]

   It affects your evasion (+4).
   It affects your intelligence (+4).
 M - the ring "Dahi" (right hand) {+Fly rElec rN+}
   (You found it on level 14 of the Dungeon)

   [ring of positive energy]

   It insulates you from electricity.
   It protects you from negative energy.
   It lets you fly.
Wands
 s - a wand of digging (5)
 t - a wand of clouds (7)
 x - a wand of acid (46)
 y - a wand of iceblast (38)
 A - a wand of scattershot (9)
Scrolls
 f - 21 scrolls of identify
 k - 11 scrolls of blinking
 m - 21 scrolls of remove curse
 n - 20 scrolls of teleportation
 o - 8 scrolls of fog
 C - 2 scrolls of silence
 D - 6 scrolls of fear
 N - 15 scrolls of enchant armour
 R - 6 scrolls of magic mapping
 S - 3 scrolls of summoning
 Z - 3 scrolls of holy word
Potions
 d - 9 potions of flight
 l - 4 potions of might
 p - 2 potions of ambrosia
 u - 13 potions of mutation
 w - 3 potions of cancellation
 B - 3 potions of resistance
 H - a potion of magic
 J - 6 potions of haste
 L - 4 potions of invisibility
 O - 7 potions of agility
 Q - 10 potions of heal wounds
 W - 26 potions of curing
Miscellaneous
 e - a lightning rod (4/4)
 T - 3 phantom mirrors
 U - a lamp of fire
Comestibles
 c - 64 rations


   Skills:
 O Level 27 Fighting
 O Level 27 Axes
 * Level 15.8 Throwing
 O Level 27 Armour
 O Level 27 Dodging
 - Level 5.0 Evocations


You had 26 spell levels left.
You didn't know any spells.
Your spell library was empty.

Dungeon Overview and Level Annotations

Branches:
Dungeon (15/15)            Temple (0/1) D:6            Lair (6/6) D:8
  Swamp (4/4) Lair:4        Snake (4/4) Lair:2        Slime (5/5) Lair:6
    Orc (2/2) D:9             Elf (3/3) Orc:2        Vaults (5/5) D:13
  Crypt (0/3) Vaults:3     Depths (5/5) D:15            Zot (5/5) Depths:5

Altars:
Ashenzari
Cheibriados
Dithmenos
Elyvilon
Gozag
Kikubaaqudgha
Makhleb
Qazlal
Ru
Sif Muna
Trog
Uskayaw
Vehumet
Wu Jian
Xom
Yredelemnul
Zin
Jiyva
Lugonu

Shops:
D:4 *   D:9 :   D:12 %   Orc:2 }=[*   Elf:3 **[=}   Snake:3 **}==   Vaults:2 (
Vaults:3 (   Depths:2 (*   Depths:3 %[*   Depths:4 [

Portals:
Hell: Depths:1 Depths:2 Depths:3 Depths:4 Depths:5
Abyss: Depths:4* Depths:5
Pandemonium: Depths:1 Depths:3 Depths:5
Ziggurat: Depths:3

Annotations:
Swamp:3 exclusion: 2 oklob plants
Elf:2 3 runed doors
Depths:2 1 runed door, Tehideum's ghost, legendary MiBe


Innate Abilities, Weirdness & Mutations

You reflexively headbutt those who attack you in melee.
You have a pair of large horns on your head.
Your flesh is cold resistant. (rC+)
You are frail. (-10% HP)
You are resistant to hostile enchantments. (MR+)
You are weak. (Str -2)
You expend magic power (3 MP) to strengthen your wands.


Message History

Your deep troll claws Omoforo but does no damage. x2
Your deep troll bites Omoforo!!
Your deep troll claws Omoforo but does no damage. x2
The neqoxec gestures at you.
Something tries to feed on your intellect!
Your stone giant hits Omoforo!
Send 'em back where they came from!
Trog shields your ally from puny magic! x3
Your deep troll bites Omoforo!
Your deep troll barely misses Omoforo.
Your deep troll claws Omoforo but does no damage.
You hear a shout!
The eye of draining gazes at you.
You feel your power leaking away.
You hear a shout! x2
You hear a shout!
There is a fountain of clear blue water here.
A living lightning appears from out of your range of vision.
There is a staircase leading out of the dungeon here.
The neqoxec gestures at you.
Something tries to feed on your intellect!
You have escaped!

..######.&.# #.#..........
..####...3## #.#.#########
#.##...###.##########.#.####
###...## ##...........#....#
##...#####....############
###...####.......#
###...##.⌠...⌠.#
###...####...##[.#
####...### #...#@'..#
..#...## #...###..#
..##...### ##.⌠...⌠.#
..####...####.......#
..######...#####..###
..................#
.........########.#
...............##.#
.........#####.##.#


You could see a neqoxec.

Vanquished Creatures
  the Royal Jelly (Slime:5)
  4 ancient liches
  4 orbs of fire (Zot:5)
  Mennas (Vaults:3)
  2 pandemonium lords
  2 Killer Klowns (Zot:5)
  Sojobo (Vaults:4)
  Xtahua (Depths:4)
  Frederick (Depths:4)
  4 curse toes
  7 golden dragons
  Jory (Depths:4)
  the Enchantress (D:15)
  4 electric golems
  18 tentacled monstrosities
  The ghost of enarc13 the Messiah, an adept HONe of Beogh (Snake:4)
  A Hell Sentinel (Zot:5)
  Asterion (Snake:1)
  5 liches
  30 Orb Guardians
  4 quicksilver dragons
  4 deep elf blademasters (Elf:3)
  A deep elf master archer (Elf:3)
  7 titans
  4 sphinxes
  21 acid blobs
  The ghost of Pott the Warrior, an adept MfBe of Trog (Elf:3)
  An Executioner (WizLab)
  4 death cobs
  6 tentacled starspawn
  The ghost of Midd the Severer, an adept DrBe of Trog (Snake:3)
  8 thorn hunters
  9 tengu reavers
  Donald (Elf:1)
  6 shadow dragons
  12 nagarajas
  8 storm dragons
  11 azure jellies
  A daeva (Depths:3)
  6 draconian knights
  4 ghost moths
  8 draconian monks
  2 iron dragons
  13 fire giants
  12 frost giants
  14 vault wardens
  10 deep elf sorcerers
  2 orc warlords (Depths:3)
  The ghost of Meow the Zephyrmancer, a journeyman NaIE of Okawaru (Elf:1)
  4 draconian scorchers
  2 angels
  4 balrugs
  6 draconian shifters
  3 deep elf elementalists
  13 ironheart preservers
  2 reapers (WizLab)
  20 stone giants
  3 draconian stormcallers
  2 vampire knights
  26 very ugly things
  2 ghouls
  10 draconian annihilators
  6 entropy weavers
  4 spriggan defenders
  A war gargoyle (Vaults:2)
  13 green draconians
  13 black draconians
  11 deep elf demonologists
  A lorocyproca (WizLab)
  A dire elephant (Lair:5)
  15 purple draconians
  9 white draconians
  8 spark wasps
  11 deep elf annihilators
  7 yellow draconians
  An eidolon (Abyss:3)
  13 red draconians
  21 ettins
  2 blizzard demons
  2 crystal guardians
  6 deep elf death magi
  5 death oozes (Slime:5)
  Josephine (D:11)
  5 deep elf high priests
  16 yaktaur captains
  11 great orbs of eyes
  8 fire dragons
  10 naga warriors
  32 vault guards
  18 ice dragons
  9 rakshasas
  Harold (Orc:1)
  15 hydras
  A hydra (shapeshifter) (Depths:5)
  3 shambling mangroves
  A catoblepas (Lair:5)
  3 ghost crabs
  6 spriggan air magi
  6 death knights
  A two-headed ogre (shapeshifter) (Vaults:5)
  9 anacondas
  24 ogre magi
  8 centaur warriors
  14 alligators
  5 tengu warriors
  59 two-headed ogres
  11 deep troll earth magi
  5 vampire magi
  5 death yaks
  14 small abominations
  20 dancing weapons
  23 deep elf knights
  4 deep troll shamans
  3 spriggan berserkers (Depths:5)
  7 shock serpents
  6 thrashing horrors (Abyss:3)
  2 orc high priests
  3 wretched stars
  A soul eater (WizLab)
  15 naga sharpshooters
  Sonja (Lair:6)
  9 sun demons
  A fire crab (shapeshifter) (Vaults:5)
  A titan skeleton (Depths:2)
  4 iron trolls (Depths:3)
  15 spriggans
  3 hell knights (Depths:5)
  2 salamander mystics
  27 deep trolls
  8 skeletal warriors
  A spatial maelstrom (Abyss:3)
  3 shadow wraiths
  A glowing orange brain (shapeshifter) (Depths:5)
  4 spriggan druids
  8 unseen horrors
  11 swamp dragons
  4 glowing orange brains
  A deep troll (shapeshifter) (Elf:1)
  4 naga ritualists
  2 flayed ghosts (Abyss:3)
  A shadow dragon zombie (Depths:2)
  A shadow demon (Depths:5)
  14 ironbrand convokers
  2 tengu zombies
  11 phantasmal warriors
  3 wizards
  2 obsidian statues
  5 lindwurms
  9 necromancers
  8 orc sorcerers
  15 deep elf archers
  A golden dragon skeleton (Depths:2)
  6 wolf spiders
  2 lindwurms (shapeshifter)
  7 mana vipers
  18 orc knights
  71 deep elf magi
  A wolf spider zombie (D:15)
  51 ugly things
  2 stone giant zombies (Depths:2)
  A wolf spider (shapeshifter) (Depths:5)
  A faun (shapeshifter) (Elf:1)
  9 salamanders
  A manticore (D:15)
  4 shining eyes
  8 cyclopes
  15 guardian serpents
  A worldbinder (Abyss:3)
  The ghost of Cryolive the Geomancer, a novice GrEE (D:5)
  2 apocalypse crabs (Abyss:3)
  A rust devil (Depths:5)
  3 orange demons
  A stone giant skeleton (Depths:2)
  2 elephants (Lair:5)
  A toenail golem (D:2)
  24 vault sentinels
  A guardian serpent (shapeshifter) (D:15)
  6 torpor snails (Lair:6)
  13 moths of wrath
  35 black mambas
  2 fire giant skeletons
  20 naga magi
  4 eyes of devastation
  2 ice statues (IceCv)
  6 centaur skeletons
  11 smoke demons
  3 gargoyles (Depths:3)
  5 rime drakes
  3 kobold demonologists
  14 komodo dragons
  2 hellions
  13 spiny frogs
  A demonic crawler (Abyss:3)
  96 yaktaurs
  7 freezing wraiths
  2 ancient zymes (Abyss:3)
  A golden dragon simulacrum (Depths:2)
  An elf (Depths:3)
  6 tengu conjurers
  A tormentor (D:13)
  A red devil (Depths:1)
  14 ice devils
  13 tyrant leeches
  2 hellwings
  A troll (shapeshifter) (Vaults:2)
  2 polar bears
  A merfolk (shapeshifter) (Elf:2)
  2 jumping spiders (shapeshifter)
  A silent spectre (Abyss:3)
  A queen bee (shapeshifter) (Vaults:4)
  6 meliai
  A polar bear (shapeshifter) (Vaults:1)
  8 trolls
  28 hornets
  17 large abominations
  4 blink frogs (Lair:4)
  90 slime creatures
  A harpy skeleton (D:15)
  A shadow dragon simulacrum (Abyss:3)
  8 hippogriffs
  7 dream sheep
  A hippogriff (shapeshifter) (Elf:2)
  2 raiju (Abyss:3)
  3 bog bodies
  A stone giant simulacrum (Depths:2)
  19 redbacks
  A frost giant simulacrum (Depths:2)
  Sigmund (D:5)
  4 shadows
  4 ynoxinuls
  12 wraiths
  25 yaks
  2 air elementals
  A spriggan skeleton (Depths:2)
  A tarantella (shapeshifter) (Abyss:3)
  3 wyverns
  An ettin skeleton (Depths:2)
  3 vampires
  2 redbacks (shapeshifter)
  A water elemental (Depths:1)
  2 elf zombies
  5 basilisks
  6 golden eyes (Abyss:3)
  6 chaos spawn
  8 neqoxecs
  2 humans (Depths:3)
  A fire elemental (Elf:1)
  A steam dragon (Lair:6)
  8 vampire mosquitoes
  Edmund (D:6)
  A spatial vortex (Abyss:3)
  11 swamp worms
  12 wargs
  24 insubstantial wisps
  Duvessa (D:6)
  42 nagas
  14 water moccasins
  5 acid dragons
  A floating eye (Abyss:3)
  10 porcupines
  34 orc warriors
  2 sky beasts
  8 ice beasts
  19 swamp drakes
  2 black bears
  21 starcursed masses
  A necrophage (D:15)
  69 ogres
  4 phantoms
  An ettin simulacrum (Vaults:1)
  7 eyes of draining
  12 boggarts
  An eye of draining (shapeshifter) (Vaults:2)
  12 centaurs
  35 wolves
  9 crocodiles
  16 bullfrogs
  5 big kobolds
  A spectral warg (Depths:3)
  A glowing shapeshifter simulacrum (Vaults:2)
  2 wyvern zombies
  9 earth elementals
  Dowan (D:6)
  11 scorpions
  7 killer bees
  An orc simulacrum (Vaults:1)
  A vampire bat (D:3)
  18 wights
  3 electric eels (Lair:5)
  9 howler monkeys
  9 centaur zombies
  2 bullfrog zombies
  13 crimson imps
  9 human zombies
  11 quasits
  4 hounds
  4 jellies
  Crazy Yiuf (D:6)
  27 orc priests
  9 bullfrog skeletons
  3 iguanas
  34 orc wizards
  9 worker ants
  3 ogre zombies
  5 mummies
  A howler monkey zombie (D:11)
  2 worker ant zombies
  7 gnolls
  17 adders
  4 scorpion zombies (Ossuary)
  3 shadow imps
  9 white imps
  An ooze (D:4)
  5 ufetubi
  An adder zombie (D:9)
  4 worms
  4 dart slugs
  3 fire bats (D:3)
  5 leopard geckos
  113 orcs
  2 spectral bats (D:3)
  2 ball pythons
  15 bats
  3 bat skeletons (D:3)
  A bat zombie (D:3)
  A giant cockroach (D:5)
  4 gnoll zombies (Ossuary)
  6 goblins
  5 hobgoblins
  6 jackals
  31 kobolds
  8 quokkas
  A bat simulacrum (D:3)
  A frilled lizard (D:4)
  3 goblin zombies (Ossuary)
  4 hobgoblin zombies (Ossuary)
  A kobold simulacrum (Abyss:3)
  An orc zombie (D:12)
  8 rats
  4 briar patches
  A bush (Lair:1)
  3 crawling corpses (Elf:3)
  A fungus (Lair:5)
  12 plants
  5 starspawn tentacles (Abyss:3)
2804 creatures vanquished.

Vanquished Creatures (collateral kills)
  6 hydras
  A shambling mangrove (Swamp:4)
  A soul eater (D:1)
  3 swamp dragons (Swamp:4)
  A manticore (D:15)
  2 red devils (D:1)
  A hornet (Swamp:4)
  A swamp worm (Swamp:4)
  A swamp drake (Swamp:4)
  A bullfrog (D:15)
  A worker ant (D:8)
19 creatures vanquished.

Vanquished Creatures (others)
  A draconian monk (Zot:2)
  An ironheart preserver (Vaults:5)
  A very ugly thing (Depths:1)
  2 vampire knights
  3 moths of wrath (Zot:5)
  A black mamba (Snake:2)
  A small abomination (Abyss:3)
  2 wargs (Vaults:4)
  An ogre (Vaults:4)
  A boggart (Vaults:1)
  A spectral warg (Depths:3)
  An orc priest (Elf:1)
  4 white imps (IceCv)
  3 ufetubi (IceCv)
  An orc (Vaults:4)
  A briar patch (Swamp:1)
  11 fungi (Swamp:3)
  A lurking horror (Abyss:3)
  15 plants
  8 starspawn tentacles (Abyss:3)
  3 toadstools (Lair:5)
63 creatures vanquished.

Grand Total: 2886 creatures vanquished

Notes
Turn   | Place    | Note
-------+----------+-------------------------------------------
     0 | D:1      | Dratini the Minotaur Berserker began the quest for the Orb.
     0 | D:1      | Reached XP level 1. HP: 19/19 MP: 0/0
   453 | D:1      | Reached XP level 2. HP: 27/27 MP: 1/1
   975 | D:1      | Reached ** piety under Trog
  1096 | D:2      | Reached XP level 3. HP: 33/33 MP: 2/2
  1206 | D:2      | Found a faded altar of an unknown god.
  1244 | D:2      | Found a radiant altar of Vehumet.
  1372 | D:2      | Found a white marble altar of Elyvilon.
  1568 | D:2      | Found a glowing silver altar of Zin.
  1622 | D:2      | Found a shadowy altar of Dithmenos.
  1829 | D:3      | Reached XP level 4. HP: 40/40 MP: 3/3
  1838 | D:3      | Reached skill level 5 in Axes
  2108 | D:3      | Reached *** piety under Trog
  2184 | D:3      | Reached XP level 5. HP: 47/47 MP: 4/4
  2218 | D:3      | Found a sacrificial altar of Ru.
  3011 | D:3      | Reached XP level 6. HP: 55/55 MP: 5/5
  3043 | D:3      | Reached skill level 5 in Fighting
  3288 | D:4      | Got a faintly humming leather armour
  3368 | D:4      | Reached **** piety under Trog
  3392 | D:4      | Found a sand-covered staircase.
  3408 | D:4      | Identified the +3 leather armour of Watchfulness {Str+6
                  | Dex+6} (You found it on level 4 of the Dungeon)
  3430 | Ossuary  | Entered an ossuary
  3498 | Ossuary  | Reached XP level 7. HP: 61/61 MP: 6/6
  3860 | Ossuary  | Reached skill level 5 in Armour
  4064 | Ossuary  | Reached XP level 8. HP: 51/70 MP: 7/7
  4585 | D:4      | Found Figg's General Store.
  4593 | D:4      | Bought a potion of heal wounds for 70 gold pieces
  4615 | D:4      | Reached skill level 5 in Dodging
  5045 | D:5      | Entered Level 5 of the Dungeon
  5240 | D:5      | Reached ***** piety under Trog
  5452 | D:5      | Noticed Sigmund
  5458 | D:5      | Killed Sigmund
  5695 | D:5      | Found a basalt altar of Yredelemnul.
  5709 | D:5      | Found a snail-covered altar of Cheibriados.
  5749 | D:5      | Noticed Cryolive's ghost (novice GrEE)
  5761 | D:5      | Found a runed gate.
  5761 | D:5      | Found a runed gate.
  5761 | D:5      | Found a runed gate.
  5855 | D:5      | Reached XP level 9. HP: 79/79 MP: 8/8
  5880 | D:5      | Found a stormy altar of Qazlal.
  6207 | D:5      | Found an opulent altar of Gozag.
  6293 | D:6      | Found a staircase to the Ecumenical Temple.
  6432 | D:6      | Reached skill level 10 in Axes
  6530 | D:6      | Found a runed door.
  6542 | D:6      | Noticed Crazy Yiuf
  6546 | D:6      | Killed Crazy Yiuf
  6746 | D:6      | Noticed Dowan
  6748 | D:6      | Noticed Duvessa
  6803 | D:6      | Killed Dowan
  6809 | D:6      | Killed Duvessa
  6992 | D:6      | Noticed Edmund
  7003 | D:6      | Killed Edmund
  7692 | D:7      | Received a gift from Trog
  8175 | D:7      | Found a deep blue altar of Sif Muna.
  8392 | D:7      | Found a snail-covered altar of Cheibriados.
  8501 | D:8      | Reached XP level 10. HP: 90/90 MP: 9/9
  8570 | D:8      | Found a staircase to the Lair.
  8862 | D:8      | Received a gift from Trog
  8961 | D:8      | Found an ornate altar of the Wu Jian Council.
  9155 | D:8      | Noticed a six-headed hydra
  9159 | D:8      | Killed a five-headed hydra
  9925 | D:9      | Found a staircase to the Orcish Mines.
 10041 | D:9      | Found a hide-covered altar of Uskayaw.
 10420 | D:9      | Found Waptout's Book Boutique.
 10429 | D:9      | Found a shattered altar of Ashenzari.
 10609 | D:10     | Entered Level 10 of the Dungeon
 10621 | D:10     | Received a gift from Trog
 10651 | D:10     | Reached XP level 11. HP: 93/99 MP: 10/10
 10870 | D:10     | Reached skill level 10 in Fighting
 11004 | D:10     | Noticed a death knight
 11027 | D:10     | Killed a death knight
 11277 | D:10     | Noticed an unseen horror
 11282 | D:10     | Killed an unseen horror
 11282 | D:10     | Reached skill level 10 in Armour
 11429 | Lair:1   | Entered Level 1 of the Lair of Beasts
 12337 | Lair:2   | Received a gift from Trog
 12365 | Lair:2   | Found a staircase to the Snake Pit.
 12412 | Lair:2   | Got a crude hunting sling
 12413 | Lair:2   | Identified the +2 hunting sling of Hasteetz {freeze, Int+2
                  | SInv} (You found it on level 2 of the Lair of Beasts)
 13102 | Lair:3   | Reached XP level 12. HP: 108/110 MP: 11/11
 13113 | Lair:3   | Reached skill level 10 in Dodging
 13327 | Lair:3   | Reached skill level 15 in Axes
 13603 | Lair:3   | Noticed a four-headed hydra
 13816 | Lair:3   | Killed a four-headed hydra
 14411 | Lair:4   | Noticed an eight-headed hydra
 14459 | Lair:4   | Killed an eight-headed hydra
 14837 | Lair:4   | Found a staircase to the Swamp.
 14880 | Lair:4   | Noticed a six-headed hydra
 14887 | Lair:4   | Killed a six-headed hydra
 15417 | Lair:5   | Received a gift from Trog
 15769 | Lair:5   | Noticed a four-headed hydra
 15779 | Lair:5   | Killed a four-headed hydra
 15793 | Lair:5   | Reached XP level 13. HP: 98/118 MP: 12/12
 16422 | Lair:5   | Found a runed door.
 16809 | Lair:6   | Entered Level 6 of the Lair of Beasts
 17262 | Lair:6   | Noticed Sonja
 17777 | Lair:6   | Killed Sonja
 17975 | Lair:6   | Found the +4 dagger "Morg" {pain, MR+ Int+5}
 18006 | Lair:6   | Found a runed door.
 18077 | Lair:6   | Got a heavily runed buckler
 18100 | Lair:6   | Identified the +1 buckler "Nesk" {rF+ Regen+ Slay-5} (You
                  | found it on level 6 of the Lair of Beasts)
 18300 | Lair:6   | Found a viscous altar of Jiyva.
 18301 | Lair:6   | Found a staircase to the Slime Pits.
 18378 | Lair:6   | Received a gift from Trog
 18775 | Lair:6   | Reached XP level 14. HP: 129/129 MP: 13/13
 18836 | Lair:6   | Got a clouded glass ring
 18838 | Lair:6   | Identified the ring of Piurhom {*Drain rPois Str+3 Dex+4
                  | Stlth+} (You found it on level 6 of the Lair of Beasts)
 18970 | Lair:6   | Upgraded the game from 0.23-a0-384-g3a68796 to
                  | 0.23-a0-386-g9c9d49f
 19127 | Orc:1    | Entered Level 1 of the Orcish Mines
 19135 | Orc:1    | Reached skill level 1 in Evocations
 19396 | Orc:2    | Entered Level 2 of the Orcish Mines
 19570 | Orc:2    | Found a burning altar of Makhleb.
 20047 | Orc:2    | Found Luod Xaet's Jewellery Shop.
 20047 | Orc:2    | Found Munecs's Gadget Emporium.
 20048 | Orc:2    | Found Ucoloq's Assorted Antiques.
 20048 | Orc:2    | Found Itagej's Antique Armour Shop.
 20059 | Orc:2    | Bought a pair of embroidered gloves for 247 gold pieces
 20094 | Orc:2    | Reached ****** piety under Trog
 20272 | Orc:2    | Found a staircase to the Elven Halls.
 20482 | Orc:1    | Received a gift from Trog
 20661 | Orc:1    | Noticed Harold
 20675 | Orc:1    | Killed Harold
 22012 | D:11     | Noticed Josephine
 22021 | D:11     | Killed Josephine
 22029 | D:11     | Reached XP level 15. HP: 91/139 MP: 17/17
 22373 | D:12     | Found Ycusy's Food Shop.
 22761 | D:12     | Found an ancient bone altar of Kikubaaqudgha.
 22763 | D:12     | Received a gift from Trog
 23948 | D:13     | Found a gate to the Vaults.
 24517 | D:14     | Got a scintillating ivory ring
 24538 | D:14     | Reached skill level 15 in Fighting
 24689 | D:14     | Found a shadowy altar of Dithmenos.
 25042 | D:15     | Entered Level 15 of the Dungeon
 26113 | D:15     | Reached skill level 15 in Armour
 26414 | D:15     | Received a gift from Trog
 26437 | D:15     | Identified the ring "Dahi" {+Fly rElec rN+} (You found it
                  | on level 14 of the Dungeon)
 26670 | D:15     | Found a staircase to the Depths.
 27181 | Swamp:1  | Entered Level 1 of the Swamp
 27259 | Swamp:1  | Noticed a thorn hunter
 27277 | Swamp:1  | Killed a thorn hunter
 27495 | Swamp:1  | Reached XP level 16. HP: 149/149 MP: 18/18
 28289 | Swamp:2  | Noticed a thorn hunter
 28357 | Swamp:1  | Killed a thorn hunter
 28839 | Swamp:2  | Received a gift from Trog
 29613 | Swamp:3  | Found a frozen archway.
 29862 | IceCv    | Entered an ice cave
 30158 | IceCv    | Noticed an Ice Fiend
 30158 | IceCv    | Noticed an Ice Fiend
 30583 | Swamp:3  | Noticed a thorn hunter
 30590 | Swamp:3  | Killed a thorn hunter
 30634 | Swamp:3  | Reached skill level 15 in Dodging
 30641 | Swamp:3  | Received a gift from Trog
 30743 | Swamp:3  | Noticed a thorn hunter
 30751 | Swamp:3  | Killed a thorn hunter
 30836 | Swamp:3  | Noticed a thorn hunter
 30851 | Swamp:3  | Killed a thorn hunter
 31099 | Swamp:3  | Noticed a thorn hunter
 31110 | Swamp:3  | Killed a thorn hunter
 31662 | Swamp:4  | Entered Level 4 of the Swamp
 31725 | Swamp:4  | Identified 2 scrolls of acquirement
 31779 | Swamp:4  | Got a crude hat
 31785 | Swamp:4  | Identified the +4 hat of a bazaar {Dex+4} (You acquired it
                  | on level 4 of the Swamp)
 32284 | Swamp:3  | Upgraded the game from 0.23-a0-386-g9c9d49f to
                  | 0.23-a0-389-g4a5eb33
 32300 | Swamp:4  | Reached XP level 17. HP: 152/160 MP: 19/19
 32439 | Swamp:4  | Reached skill level 5 in Evocations
 32940 | Swamp:4  | Identified the +8 arbalest "Xoheiq" {penet, Dex+2}
 32994 | Swamp:4  | Got a decaying rune of Zot
 33925 | D:5      | Killed Cryolive's ghost
 34568 | Snake:1  | Entered Level 1 of the Snake Pit
 34568 | Snake:1  | Noticed Asterion
 34572 | Lair:2   | Received a gift from Trog
 34596 | Snake:1  | Killed Asterion
 35523 | Snake:2  | Received a gift from Trog
 37524 | Snake:3  | Found Nadghucs's Jewellery Boutique.
 37525 | Snake:3  | Found Wuskol's Gadget Emporium.
 37526 | Snake:3  | Found Jelaak's Jewellery Boutique.
 37710 | Snake:3  | Found a runed gate.
 37710 | Snake:3  | Found a runed gate.
 37710 | Snake:3  | Found Ibronag's Assorted Antiques.
 37711 | Snake:3  | Found a runed gate.
 37714 | Snake:3  | Found Yhus's Assorted Antiques.
 37715 | Snake:3  | Found an opulent altar of Gozag.
 37715 | Snake:3  | Noticed Midd's ghost (adept DrBe)
 37934 | Snake:3  | Got a jewelled ring mail
 37945 | Snake:3  | Identified the +5 ring mail of Hairiness {+Blink rElec rC-
                  | Int+9} (You found it on level 3 of the Snake Pit)
 38003 | Snake:3  | Found a bloodstained altar of Trog.
 38251 | Snake:4  | Entered Level 4 of the Snake Pit
 38254 | Snake:4  | Reached XP level 18. HP: 173/173 MP: 20/20
 38264 | Snake:4  | Received a gift from Trog
 38612 | Snake:4  | Found a runed door.
 38614 | Snake:4  | Found a shimmering altar of Xom.
 38614 | Snake:4  | Noticed enarc13's ghost (adept HONe)
 39303 | Snake:4  | Received a gift from Trog
 40396 | Snake:4  | Got a serpentine rune of Zot
 40656 | Snake:4  | Killed enarc13's ghost
 40783 | Snake:3  | Killed Midd's ghost
 40933 | Snake:3  | Bought a scroll of enchant weapon for 187 gold pieces
 40952 | Snake:3  | Bought a scratched peridot ring for 180 gold pieces
 40966 | Snake:3  | Bought a thin brass amulet for 125 gold pieces
 41222 | Vaults:1 | Entered Level 1 of the Vaults
 41672 | Vaults:1 | Reached XP level 19. HP: 183/183 MP: 21/21
 41758 | Vaults:1 | Received a gift from Trog
 42992 | Vaults:1 | Received a gift from Trog
 44682 | Vaults:2 | Got a faintly glowing buckler
 44689 | Vaults:2 | Identified the +4 buckler "Gab Emat" {rN+ Dex+5 Stlth-}
                  | (You found it on level 2 of the Vaults)
 44789 | Vaults:2 | Received a gift from Trog
 45257 | Vaults:2 | Reached XP level 20. HP: 189/193 MP: 22/22
 45555 | Vaults:2 | Received a gift from Trog
 45995 | Vaults:2 | Found Geakuny's Antique Weapon Boutique.
 46611 | Vaults:3 | Found Gengeomn's Antique Weapon Emporium.
 46642 | Vaults:3 | Noticed Mennas
 46844 | Vaults:4 | Received a gift from Trog
 46971 | Vaults:4 | Found a flickering gateway to a bazaar.
 46986 | Bazaar   | Entered a bazaar
 47004 | Bazaar   | Found Siliwk's Weapon Boutique.
 47031 | Bazaar   | Found Egre's Antique Armour Shop.
 47061 | Bazaar   | Found Figejen's Magic Scroll Shop.
 47061 | Bazaar   | Found Romucw's Armour Boutique.
 47072 | Bazaar   | Bought a +1 pair of boots of running for 401 gold pieces
 47129 | Bazaar   | Bought a scroll of enchant armour for 75 gold pieces
 47129 | Bazaar   | Bought a scroll of magic mapping for 35 gold pieces
 47129 | Bazaar   | Bought a scroll of identify for 20 gold pieces
 47129 | Bazaar   | Bought a scroll of enchant weapon for 75 gold pieces
 47129 | Bazaar   | Bought a scroll of teleportation for 30 gold pieces
 47143 | Bazaar   | Bought a twisted scale mail for 243 gold pieces
 47154 | Bazaar   | Identified the +2 scale mail of Aloz {Int+4} (You bought it
                  | in a shop in a bazaar)
 47176 | Bazaar   | Bought 17 stones for 13 gold pieces
 47176 | Bazaar   | Bought 15 stones for 12 gold pieces
 47176 | Bazaar   | Bought 19 stones for 15 gold pieces
 47190 | Bazaar   | Bought a dazzling ring mail for 243 gold pieces
 47200 | Bazaar   | Identified the cursed +0 ring mail of Naomocoi {rF+} (You
                  | bought it in a shop in a bazaar)
 47227 | Bazaar   | Bought a scroll of summoning for 95 gold pieces
 47369 | Vaults:4 | Received a gift from Trog
 48159 | Vaults:4 | Noticed Sojobo
 48173 | Vaults:4 | Killed Sojobo
 48432 | Vaults:4 | Received a gift from Trog
 48451 | Vaults:4 | Reached XP level 21. HP: 169/203 MP: 23/23
 48818 | Vaults:4 | Got a steaming ring mail
 48829 | Vaults:4 | Identified the cursed +0 ring mail of Exclusion {Dex+4
                  | Stlth+} (You found it on level 4 of the Vaults)
 49274 | Depths:1 | Entered Level 1 of the Depths
 49274 | Depths:1 | Found a gateway to Hell.
 49560 | Depths:1 | Found a one-way gate leading to the halls of Pandemonium.
 49633 | Depths:1 | Found a magical portal.
 49657 | WizLab   | Entered Doroklohe's Tomb
 49912 | WizLab   | Received a gift from Trog
 49914 | WizLab   | Gained mutation: Your magical capacity is low. (-10% MP) [a
                  | neqoxec]
 49916 | WizLab   | Gained mutation: You are dopey. (Int -2) [a neqoxec]
 50242 | WizLab   | Found the +3 salamander hide armour {+Rage rF++}
 51477 | Depths:1 | Lost intelligence.
 51548 | Depths:1 | Identified the +4 faerie dragon scales {rN+ MR+ rCorr HP+5
                  | Slay+3}
 51548 | Depths:1 | Noticed the Enchantress
 51569 | D:15     | Killed the Enchantress
 52086 | Depths:1 | Received a gift from Trog
 52576 | Depths:1 | Got a smoking chain mail
 52587 | Depths:1 | Identified the +2 chain mail of Wrong Decisions {MR+} (You
                  | found it on level 1 of the Depths)
 52841 | Depths:3 | Found a gateway to a ziggurat.
 52890 | Depths:3 | Reached XP level 22. HP: 115/214 MP: 22/22
 53671 | Depths:3 | Received a gift from Trog
 53694 | Depths:3 | Got a crude battleaxe {god gift}
 53697 | Depths:3 | Identified the +7 battleaxe of Hopsiy {chop, rPois} (Trog
                  | gifted it to you on level 3 of the Depths)
 54502 | Depths:3 | Found a bloodstained altar of Trog.
 54555 | Depths:3 | Found a radiant altar of Vehumet.
 54606 | Depths:3 | Found an ancient bone altar of Kikubaaqudgha.
 54755 | Depths:3 | Found The Legendary Japhip's Legendary Smithy.
 54816 | Depths:3 | Found Jack's Jerk-a-riffic Jerky.
 54868 | Depths:3 | Found Ixeosi's Miraculous Elixirs.
 54908 | Depths:3 | Found Kuiloe's Slaves and Accessories.
 55237 | Depths:3 | Got a brightly glowing battleaxe
 55238 | Depths:3 | Identified the +8 battleaxe "Veukug" {chop, +Fly} (You
                  | found it on level 3 of the Depths)
 55347 | Depths:2 | Received a gift from Trog
 55514 | Depths:2 | Found Ruvuwk's Elemental Accessories.
 56080 | Depths:2 | Found Cuolotups's Weapon Shop.
 56089 | Depths:2 | Bought 20 stones for 26 gold pieces
 56089 | Depths:2 | Bought 18 stones for 23 gold pieces
 56089 | Depths:2 | Bought 19 stones for 24 gold pieces
 56098 | Depths:2 | Found a runed door.
 56101 | Depths:2 | Noticed Tehideum's ghost (legendary MiBe)
 56597 | Depths:4 | Noticed Jory
 56610 | Depths:4 | Killed Jory
 56612 | Depths:4 | Noticed Xtahua
 56727 | Depths:4 | Killed Xtahua
 56729 | Depths:4 | Received a gift from Trog
 56740 | Depths:4 | Got a dazzling executioner's axe {god gift}
 56746 | Depths:3 | Identified the +2 executioner's axe "Cuunt" {chop, *Slow
                  | rC+ Str+2 SInv} (Trog gifted it to you on level 4 of the
                  | Depths)
 56860 | Depths:4 | Found a one-way gate to the infinite horrors of the Abyss.
 56901 | Depths:4 | Noticed a golden dragon
 56914 | Depths:4 | Killed a golden dragon
 56914 | Depths:4 | Reached XP level 23. HP: 213/224 MP: 23/23
 57137 | Depths:4 | Found Zezoc's Armour Boutique.
 57142 | Depths:4 | Found a corrupted altar of Lugonu.
 57226 | Depths:4 | Noticed Frederick
 57235 | Depths:4 | Killed Frederick
 57584 | Depths:5 | Entered Level 5 of the Depths
 57784 | Depths:5 | Received a gift from Trog
 58250 | Depths:5 | Found a gate to the Realm of Zot.
 58647 | Depths:5 | Received a gift from Trog
 59309 | Vaults:3 | Killed Mennas
 59433 | Vaults:3 | Found a staircase to the Crypt.
 59887 | Vaults:3 | Received a gift from Trog
 60018 | Vaults:5 | Entered Level 5 of the Vaults
 60039 | Vaults:5 | Identified the +3 long sword of Vederets {slice, rN+}
 60045 | Vaults:5 | Reached XP level 24. HP: 236/236 MP: 23/23
 60319 | Vaults:5 | Received a gift from Trog
 60406 | Vaults:5 | Noticed an ancient lich
 60417 | Vaults:5 | Killed an ancient lich
 60448 | Vaults:5 | Got a smoking plate armour
 60459 | Vaults:5 | Identified the +3 plate armour of the Pit {rF+ MR+} (You
                  | found it on level 5 of the Vaults)
 61075 | Vaults:5 | Received a gift from Trog
 61131 | Vaults:5 | Got a silver rune of Zot
 61939 | Vaults:5 | Got a polished broad axe
 61940 | Vaults:5 | Identified the cursed +0 broad axe of Rootzies {chop,
                  | Dex+2} (You found it on level 5 of the Vaults)
 62642 | Elf:1    | Entered Level 1 of the Elven Halls
 62704 | Elf:1    | Received a gift from Trog
 62887 | Elf:1    | Noticed Donald
 62894 | Elf:1    | Killed Donald
 63024 | Elf:1    | Reached XP level 25. HP: 247/247 MP: 23/23
 63412 | Elf:1    | Found a runed door.
 63412 | Elf:1    | Found a shimmering altar of Xom.
 63412 | Elf:1    | Noticed Meow's ghost (journeyman NaIE)
 63426 | Elf:1    | Killed Meow's ghost
 64072 | Elf:2    | Received a gift from Trog
 64161 | Elf:2    | Found a runed gate.
 64162 | Elf:2    | Found a runed gate.
 64172 | Elf:2    | Found a runed gate.
 64631 | Elf:3    | Entered Level 3 of the Elven Halls
 64631 | Elf:3    | Found Woopt's Jewellery Emporium.
 64690 | Elf:3    | Received a gift from Trog
 64693 | Elf:3    | Got a dazzling battleaxe {god gift}
 64694 | Elf:3    | Identified the +10 battleaxe of Butchery {flame, rF+ Str+2}
                  | (Trog gifted it to you on level 3 of the Elven Halls)
 64832 | Elf:3    | Found Ceeroh's Gadget Boutique.
 65186 | Elf:3    | Found a runed gate.
 65188 | Elf:3    | Found a runed gate.
 65189 | Elf:3    | Found a runed gate.
 65190 | Elf:3    | Noticed Pott's ghost (adept MfBe)
 65193 | Elf:3    | Found Puir's Assorted Antiques.
 65193 | Elf:3    | Found Jusudump's Assorted Antiques.
 65196 | Elf:3    | Found an opulent altar of Gozag.
 65211 | Elf:3    | Killed Pott's ghost
 65240 | Elf:3    | Bought a scroll of enchant armour for 187 gold pieces
 65345 | Elf:3    | Found Loabasoi's Armour Shop.
 65445 | Elf:3    | Received a gift from Trog
 65809 | Elf:3    | Got a translucent ivory ring
 65855 | Elf:3    | Identified The Intricacies of Wizardry
 65913 | Elf:3    | Identified the ring of Past Mistakes {rPois rN+ Str+4
                  | Int-3} (You took it off a deep elf mage on level 3 of the
                  | Elven Halls)
 65940 | Elf:3    | Found the cursed necklace of Bloodlust {*Rage +Rage MR++
                  | Int-3 Slay+6 *Curse}
 66137 | Elf:3    | Got a fine hat
 66148 | Elf:3    | Identified the +2 hat "Mohiuh" {-Cast MR+ Dex+2} (You
                  | acquired it on level 3 of the Elven Halls)
 66460 | Slime:1  | Entered Level 1 of the Pits of Slime
 66472 | Slime:1  | Gained mutation: You are occasionally teleported next to
                  | monsters. [a shining eye]
 66786 | Slime:4  | Received a gift from Trog
 66886 | Slime:5  | Entered Level 5 of the Pits of Slime
 67013 | Slime:5  | Noticed the Royal Jelly
 67053 | Slime:5  | Reached XP level 26. HP: 239/257 MP: 1/23
 67189 | Slime:5  | Killed the Royal Jelly
 67402 | Slime:5  | Found the +9 heavy crossbow "Sniper" {velocity, Acc+∞ SInv}
 67424 | Slime:5  | Got a flickering emerald amulet
 67511 | Slime:5  | Identified the amulet of Youthful Indiscretion {Harm *Drain
                  | rC- MR+ Slay+2} (You found it on level 5 of the Pits of
                  | Slime)
 67564 | Slime:5  | Got a slimy rune of Zot
 67663 | Slime:5  | Got a bloodstained chain mail
 67664 | Slime:5  | Identified the +1 chain mail of Amorality {rF+} (You found
                  | it on level 5 of the Pits of Slime)
 67839 | Slime:5  | Found the +0 pair of fencer's gloves {+Riposte Dex+3}
 67852 | Slime:5  | Lost mutation: Your magical capacity is low. (-10% MP)
                  | [potion of mutation]
 67852 | Slime:5  | Lost mutation: You are dopey. (Int -2) [potion of mutation]
 67852 | Slime:5  | Lost mutation: You are occasionally teleported next to
                  | monsters. [potion of mutation]
 67852 | Slime:5  | Gained mutation: You passively map a small area around you.
                  | [potion of mutation]
 67852 | Slime:5  | Gained mutation: You are partially covered in molten
                  | scales. (AC +2) [potion of mutation]
 68305 | Depths:4 | Voluntarily entered the Abyss.
 68377 | Abyss:2  | Paralysed by accursed screaming for 1 turns
 68636 | Abyss:3  | Received a gift from Trog
 68685 | Abyss:3  | Gained mutation: You are frail. (-10% HP) [a neqoxec]
 68689 | Abyss:3  | Gained mutation: You are weak. (Str -2) [a neqoxec]
 69171 | Abyss:3  | Received a gift from Trog
 69458 | Abyss:3  | Got an abyssal rune of Zot
 69505 | Abyss:4  | Found a corrupted altar of Lugonu.
 69588 | Depths:4 | Escaped the Abyss
 69640 | Depths:5 | Lost mutation: You passively map a small area around you.
                  | [potion of mutation]
 69640 | Depths:5 | Lost mutation: You are frail. (-10% HP) [potion of
                  | mutation]
 69640 | Depths:5 | Lost mutation: You are weak. (Str -2) [potion of mutation]
 69640 | Depths:5 | Lost mutation: You are partially covered in molten scales.
                  | (AC +2) [potion of mutation]
 69640 | Depths:5 | Gained mutation: You are frail. (-10% HP) [potion of
                  | mutation]
 69640 | Depths:5 | Gained mutation: Your mind is acute. (Int +2) [potion of
                  | mutation]
 69640 | Depths:5 | Gained mutation: You occasionally shout uncontrollably at
                  | your foes. [potion of mutation]
 69640 | Depths:5 | Gained mutation: You have supernaturally acute eyesight.
                  | (SInv) [potion of mutation]
 69641 | Depths:5 | Lost mutation: Your mind is acute. (Int +2) [potion of
                  | mutation]
 69641 | Depths:5 | Lost mutation: You occasionally shout uncontrollably at
                  | your foes. [potion of mutation]
 69641 | Depths:5 | Gained mutation: You can translocate small distances at
                  | will. [potion of mutation]
 69641 | Depths:5 | Lost mutation: You are frail. (-10% HP) [potion of
                  | mutation]
 69683 | Depths:5 | Lost mutation: You can translocate small distances at will.
                  | [potion of mutation]
 69683 | Depths:5 | Gained mutation: Your muscles are strong. (Str +2) [potion
                  | of mutation]
 69683 | Depths:5 | Gained mutation: Your spells are a little harder to cast,
                  | but a little more powerful. [potion of mutation]
 69684 | Depths:5 | Lost mutation: Your spells are a little harder to cast, but
                  | a little more powerful. [potion of mutation]
 69684 | Depths:5 | Lost mutation: Your muscles are strong. (Str +2) [potion of
                  | mutation]
 69684 | Depths:5 | Gained mutation: You tend to lose your temper in combat.
                  | [potion of mutation]
 69684 | Depths:5 | Gained mutation: You are frail. (-10% HP) [potion of
                  | mutation]
 69684 | Depths:5 | Lost mutation: You are frail. (-10% HP) [potion of
                  | mutation]
 69684 | Depths:5 | Gained mutation: Your flesh is cold resistant. (rC+)
                  | [potion of mutation]
 70075 | Snake:3  | Bought the ring "Yvyukur" {EV+4 Int+4} for 822 gold pieces
 70467 | Depths:5 | Upgraded the game from 0.23-a0-389-g4a5eb33 to
                  | 0.23-a0-391-g8c51ad5
 70468 | Zot:1    | Entered Level 1 of the Realm of Zot
 70497 | Zot:1    | Received a gift from Trog
 71696 | Zot:2    | Reached skill level 27 in Fighting
 71705 | Zot:2    | Reached skill level 27 in Armour
 71705 | Zot:2    | Reached XP level 27. HP: 166/270 MP: 25/25
 72781 | Zot:3    | Received a gift from Trog
 74050 | Zot:4    | Reached skill level 27 in Dodging
 74946 | Zot:5    | Entered Level 5 of the Realm of Zot
 75109 | Zot:5    | Got a pair of warped boots
 75110 | Zot:5    | Identified the cursed +0 pair of boots of Prudence {+Inv
                  | +Fly Regen+ rCorr} (You found it on level 5 of the Realm of
                  | Zot)
 75387 | Zot:5    | Reached skill level 27 in Axes
 75387 | Zot:5    | Reached skill level 1 in Throwing
 75853 | Zot:5    | Reached skill level 5 in Throwing
 75902 | Zot:5    | Noticed an ancient lich
 75910 | Zot:5    | Killed an ancient lich
 76278 | Zot:5    | Noticed an ancient lich
 76283 | Zot:5    | Killed an ancient lich
 76283 | Zot:5    | Received a gift from Trog
 76291 | Zot:5    | Noticed an ancient lich
 76299 | Zot:5    | Killed an ancient lich
 76429 | Zot:5    | Reached skill level 10 in Throwing
 76578 | Zot:5    | Received a gift from Trog
 77004 | Zot:5    | Noticed an orb of fire
 77015 | Zot:5    | Gained mutation: Your magical capacity is low. (-10% MP)
                  | [an orb of fire]
 77027 | Zot:5    | Killed an orb of fire
 77187 | Zot:5    | Noticed an orb of fire
 77195 | Zot:5    | Noticed an orb of fire
 77198 | Zot:5    | Killed an orb of fire
 77206 | Zot:5    | Gained mutation: You are weak. (Str -2) [an orb of fire]
 77211 | Zot:5    | Gained mutation: You have a pair of large horns on your
                  | head. [an orb of fire]
 77221 | Zot:5    | Gained mutation: You are frail. (-10% HP) [an orb of fire]
 77222 | Zot:5    | Killed an orb of fire
 77324 | Zot:5    | Noticed an orb of fire
 77340 | Zot:5    | Killed an orb of fire
 77787 | Zot:5    | Lost mutation: You tend to lose your temper in combat.
                  | [potion of mutation]
 77787 | Zot:5    | Lost mutation: Your magical capacity is low. (-10% MP)
                  | [potion of mutation]
 77787 | Zot:5    | Gained mutation: You are resistant to hostile enchantments.
                  | (MR+) [potion of mutation]
 77787 | Zot:5    | Gained mutation: Your mind is acute. (Int +2) [potion of
                  | mutation]
 77787 | Zot:5    | Gained mutation: You expend magic power (3 MP) to
                  | strengthen your wands. [potion of mutation]
 78051 | Depths:3 | Bought a potion of mutation for 400 gold pieces
 78051 | Depths:3 | Bought a potion of mutation for 400 gold pieces
 78051 | Depths:3 | Bought a potion of mutation for 400 gold pieces
 78051 | Depths:3 | Bought a potion of mutation for 400 gold pieces
 78051 | Depths:3 | Bought a potion of mutation for 400 gold pieces
 78051 | Depths:3 | Bought 2 potions of mutation for 800 gold pieces
 78051 | Depths:3 | Bought 2 potions of mutation for 800 gold pieces
 78051 | Depths:3 | Bought a potion of mutation for 400 gold pieces
 78051 | Depths:3 | Bought a potion of mutation for 400 gold pieces
 78051 | Depths:3 | Bought a potion of mutation for 400 gold pieces
 78359 | Zot:5    | Got the Orb of Zot
 78379 | Zot:5    | Noticed Erom the pandemonium lord
 78390 | Zot:5    | Killed Erom the pandemonium lord
 78422 | Zot:4    | Noticed Koacaele the pandemonium lord
 78433 | Zot:4    | Lost mutation: Your mind is acute. (Int +2) [a neqoxec]
 78439 | Zot:4    | Lost mutation: You have supernaturally acute eyesight.
                  | (SInv) [a neqoxec]
 78455 | Zot:4    | Killed Koacaele the pandemonium lord
 78455 | Zot:4    | Reached skill level 15 in Throwing
 78499 | Zot:2    | Noticed Vyti the pandemonium lord
 78907 | D:6      | Noticed Solint the pandemonium lord
 79042 | D:1      | Noticed Omoforo the pandemonium lord
 79052 | D:1      | Paralysed by a floating eye for 2 turns
 79066 | D:$      | Escaped with the Orb!

Vault maps used:
D:1:      scummos_arrival_simple_fountains, serial_curves, eino_curves_01,
          eino_curves_03
D:2:      old_standard_altar, marbit_many_paths, nicolae_overflow_crystal_walls,
          lemuel_coloured_pillars_altar, chequers_ecumenical_altar_simple
D:3:      lemuel_round_altar, goddamned_bats
D:4:      first_ration, serial_shops, shop, nicolae_ossuary_entry_plus,
          corexii_leaking_fountain
D:5:      nicolae_overflow_quartered_altars, gammafunk_ghost_split, uniq_sigmund
D:6:      minmay_temple_entry_trees, uniq_edmund, uniq_crazy_yiuf_cottage,
          uniq_duvessa
D:7:      kennysheep_orc_sif_temple, grunt_ogre_cave, kennysheep_path_1,
          chei_slow_surprise
D:8:      kennysheep_mini_moat, lair_entry_dummy
D:9:      kennysheep_little_box, lemuel_round_altar, orc_0_dummy, serial_shops,
          shop
D:10:     minmay_the_grid_octo_2x2, dk_vineyard_2
D:11:     patterned_corridor, uniq_josephine
D:12:     serial_shops, shop, lemuel_mausoleum_altar_kikubaaqudgha
D:13:     hangedman_vaults_entry_quadrant_bands
D:14:     nicolae_dithmenos_shadow_blocks, kennysheep_small_square
D:15:     grunt_enter_depths_magical_seal, chequers_serial_rivers_marsh
Lair:2:   minmay_snake_entry_guardpost_medium, grunt_forest_stairs_basic
Lair:3:   grunt_forest_large_clearings, grunt_megastairs_5
Lair:4:   swamp_mist, nicolae_quartered_pool_little, grunt_megastairs_4,
          lemuel_fruit_tree
Lair:5:   gammafunk_lair_enchanted_lake, serial_bayou_lagoon_b
Lair:6:   wormcave, guppyfry_lair_end_dragon, slime_altar_1,
          eino_small_chamber_without_monster, serial_bayou_shore_b,
          grunt_megastairs_1, uniq_sonja
Swamp:1:  evilmike_swamp_ruin_house_2
Swamp:2:  hangedman_swamp_diagram
Swamp:3:  nicolae_swamp_phyte_club, portal_ice_cave_entry_dragon,
          infiniplex_staircase_pool, swamp_pool5
Swamp:4:  swamp_alternative
Snake:1:  hangedman_snake_thin_pillar_pass, nicolae_coiled_stairwell_down,
          uniq_asterion
Snake:3:  ebering_ghost_gozag, serial_curves, eino_curves_03, eino_curves_04,
          basic_altar, minmay_shop_grove
Snake:4:  snake_hunt, ebering_ghost_xom, nicolae_large_snake_swirl
Slime:1:  cheibrodos_slime_lost_civilization_1
Slime:4:  nicolae_slime_barrier
Orc:1:    uniq_harold
Orc:2:    st_orc_ogre_mass, bloody_makhleb
Elf:1:    elf_arrival_001, ebering_ghost_xom, orc_legates, grunt_megastairs_2,
          uniq_donald
Elf:2:    grunt_ministairs_10
Elf:3:    minmay_elf_hall_quartered_circle, serial_shops, shop_coins,
          shop_coins, shop, ebering_ghost_gozag, grunt_ministairs_6,
          eino_tiny_chamber, basic_stair_grate_trap
Vaults:1: nicolae_vaults_quartermaster, hangedman_vaults_cutoff, v_pattern_1,
          nicolae_vaults_big_angled_halls, v_misc_17, hangedman_vaults_nails,
          nicolae_vaults_little_ls, nicolae_vaults_sealed_display,
          hangedman_vaults_trim, ontoclasm_vaults_spin, nicolae_vaults_asterisk
Vaults:2: v_rooms_6, nicolae_vaults_circle_grid_a,
          nicolae_vaults_little_squares_5, vaults_room_semicircle, v_rooms_2,
          grunt_vaults_bifocal, dpeg_vaults_monster_box,
          nicolae_vaults_alarming, dpeg_vaults_monster_row, vaults_room_corners,
          serial_shops, shop
Vaults:3: hangedman_vaults_nodes, ontoclasm_vaults_chip, v_misc_19,
          nicolae_vaults_yaktaur_gun_rack, ontoclasm_vaults_bender,
          minmay_crypt_entry_simple_round, vaults_dpeg_doors, v_misc_2,
          v_misc_26, serial_shops, nicolae_shop_overgrown_old_shop, uniq_mennas
Vaults:4: ontoclasm_vaults_idyll, v_misc_30, grunt_vaults_trifunnel,
          hangedman_vaults_locks, vaults_mumra_minichess,
          vaults_standard_mumra_lines, v_rooms_1, st_hourglassy,
          hangedman_vaults_impose, ontoclasm_vaults_misaligned,
          vaults_room_hallway, vaults_room_semicircle,
          grunt_vaults_hallway_short, serial_shops, bzr_entry_safe, uniq_sojobo
Depths:1: evilmike_marble_ring, grunt_pan_entry_sceptre, mu_enter_wizlab_2,
          hangedman_abyss_or_decor_slice, hell_entry, kennysheep_generic_room_4,
          serial_bayou_shore_b, firewood_loft, uniq_enchantress
Depths:2: minmay_diamond_stairs, ebering_ghost_inner_flame,
          grunt_hell_entry_dis_old, serial_shops, shop, nicolae_elemental_shop
Depths:3: grated_community_mu, enter_ziggurat_d, lightli_too_deep,
          glass_columns_a, pan_entry, chequers_serial_rivers_marsh,
          infiniplex_staircase_pool_2
Depths:4: due_chaos_kobolds, abyss_entry_glasseish, hangedman_decor_riveting,
          hell_entry, serial_shops, shop, infiniplex_staircase_door_maze,
          uniq_frederick, uniq_jory, uniq_xtahua
Depths:5: grunt_zot_entry_tricorne, hell_entry, abyss_entry,
          rand_demon_pan_entry_4, minmay_misc_feat_room
Zot:5:    grunt_ministairs_15
Abyss:4:  minivault_20, evilmike_abyss_exit_6
Bazaar:   bazaar_jpeg_honeycomb
Ossuary:  ossuary_minmay_scorpions
IceCv:    ice_cave_small_demon
WizLab:   wizlab_doroklohe

Skill      XL: |  1  2  3  4  5  6  7  8  9 10 11 12 13 14 15 16 17 18 19 20 21 22 23 24 25 26 27 |
---------------+----------------------------------------------------------------------------------+-----
Axes           | 4 5 6 8 9 11 13 14 16 17 18 19 20 21 23 24 25 26 27 | 27.0
Fighting       | 4 5 6 7 8 9 11 12 13 14 15 16 18 19 20 21 22 23 24 25 27 | 27.0
Armour         | 3 4 5 6 8 9 10 11 13 14 15 16 18 19 20 21 22 23 24 25 27 | 27.0
Dodging        | 3 4 5 7 8 9 11 12 13 14 15 16 17 18 19 20 21 22 24 25 27 | 27.0
Evocations     | 4 5 |  5.0
Throwing       | 15 | 15.8

Action                   |  1- 3 |  4- 6 |  7- 9 | 10-12 | 13-15 | 16-18 | 19-21 | 22-24 | 25-27 || total
-------------------------+-------+-------+-------+-------+-------+-------+-------+-------+-------++-------
Melee: Hand axe          |    86 |   160 |   295 |       |       |       |       |       |       ||   541
       Headbutt          |     5 |    35 |   115 |   137 |   265 |   342 |   380 |   333 |   539 ||  2151
       War axe           |       |       |    26 |    20 |       |       |       |       |       ||    46
       Broad axe         |       |       |       |   413 |   366 |       |       |       |       ||   779
       Whip              |       |       |       |    41 |    27 |       |       |       |       ||    68
       Battleaxe         |       |       |       |       |   389 |   822 |   409 |   146 |  1145 ||  2911
       Morningstar       |       |       |       |       |       |    45 |       |       |       ||    45
       Executioner's axe |       |       |       |       |       |    89 |   670 |   839 |   171 ||  1769
 Fire: Hunting sling     |       |     2 |     4 |       |       |       |       |       |       ||     6
Throw: Stone             |    55 |    45 |    57 |       |       |       |       |       |       ||   157
       Javelin           |       |       |       |     2 |     2 |     2 |       |       |       ||     6
       Tomahawk          |       |       |       |       |       |     8 |     4 |       |    18 ||    30
Invok: Berserk           |     2 |     2 |     4 |     5 |     4 |     6 |     3 |     2 |     3 ||    31
       Trog's Hand       |       |     1 |     1 |     1 |     2 |     3 |     3 |     4 |     4 ||    19
       Brothers in Arms  |       |       |       |     1 |     4 |     2 |       |       |     3 ||    10
 Abil: Evoke Flight      |       |       |       |       |       |     4 |       |       |       ||     4
       Blink             |       |       |       |       |       |       |       |       |     1 ||     1
Evoke: Wand              |       |       |       |       |     7 |     8 |     5 |     1 |     6 ||    27
       Lightning rod     |       |       |       |       |       |       |     4 |       |       ||     4
  Use: Potion            |       |       |     3 |       |     2 |       |       |     3 |    13 ||    21
       Scroll            |       |       |       |    20 |     4 |    24 |    10 |     7 |    29 ||    94
 Stab: Sleeping          |       |       |     2 |     1 |    27 |    18 |     3 |     4 |     6 ||    61
       Distracted        |       |       |     1 |     1 |     1 |     2 |     2 |     6 |     3 ||    16
       Petrified         |       |       |       |       |       |     7 |       |       |       ||     7
  Eat: Chunk             |     5 |     7 |    14 |    21 |    21 |     5 |    13 |    18 |    11 ||   115
       Ration            |       |       |     2 |     2 |     7 |    14 |     9 |     6 |    13 ||    53
Armor: Animal skin       |     7 |       |       |       |       |       |       |       |       ||     7
       Leather armour    |    11 |     2 |    61 |    84 |   101 |   173 |    90 |       |       ||   522
       Chain mail        |     6 |    88 |       |       |       |       |       |       |       ||    94
       Scale mail        |       |       |       |       |       |       |    72 |       |       ||    72
       Ice dragon scales |       |       |       |       |       |       |     1 |       |       ||     1
       Acid dragon scale |       |       |       |       |       |       |    68 |   330 |   266 ||   664
       Plate armour      |       |       |       |       |       |       |    34 |       |       ||    34
Dodge: Dodged            |    46 |    74 |   186 |   301 |   596 |   980 |  1224 |  1275 |  1413 ||  6095
Block: Other             |     2 |    19 |    24 |    38 |    56 |   115 |   119 |     4 |       ||   377
       Reflection        |       |       |     1 |     1 |     3 |     6 |    21 |       |       ||    32
       Buckler           |       |       |       |       |     1 |       |       |       |       ||     1
       Rpst.: Battleaxe  |       |       |       |       |       |       |       |       |   143 ||   143
       Executioner's axe |       |       |       |       |       |       |       |       |     6 ||     6

Table legend:
 A = Non-vault XP
 B = Vault XP
 C = Vault XP percentage of total XP
 D = Non-vault monster count
 E = Vault monster count
 F = Vault count percentage of total count
                 A         B        C        D         E       F
            +---------+---------+-------+---------+---------+-------
      Total |  998363 |  827739 |  45.3 |    1817 |     945 |  34.2
            +---------+---------+-------+---------+---------+-------
        D:1 |      36 |       0 |   0.0 |      20 |       0 |   0.0
        D:2 |      47 |       1 |   2.1 |      18 |       1 |   5.3
        D:3 |     213 |     176 |  45.2 |      30 |      20 |  40.0
        D:4 |     431 |       0 |   0.0 |      20 |       0 |   0.0
        D:5 |     916 |     701 |  43.4 |      30 |       3 |   9.1
        D:6 |     400 |     432 |  51.9 |      11 |       4 |  26.7
        D:7 |    1219 |     372 |  23.4 |      17 |       6 |  26.1
        D:8 |    2490 |       0 |   0.0 |      36 |       0 |   0.0
        D:9 |    3048 |       0 |   0.0 |      36 |       0 |   0.0
       D:10 |    1677 |    3326 |  66.5 |      30 |      16 |  34.8
       D:11 |    2932 |    1916 |  39.5 |      25 |       5 |  16.7
       D:12 |    4961 |     776 |  13.5 |      28 |      12 |  30.0
       D:13 |    8278 |    4572 |  35.6 |      35 |      18 |  34.0
       D:14 |    5813 |    1378 |  19.2 |      23 |       2 |   8.0
       D:15 |   12954 |   16536 |  56.1 |      32 |      19 |  37.3
     Lair:1 |    1112 |       0 |   0.0 |       6 |       0 |   0.0
     Lair:2 |    4092 |     965 |  19.1 |      17 |       6 |  26.1
     Lair:3 |    2713 |    3143 |  53.7 |       9 |      25 |  73.5
     Lair:4 |    5957 |     103 |   1.7 |      19 |       1 |   5.0
     Lair:5 |    7232 |    6410 |  47.0 |      30 |      11 |  26.8
     Lair:6 |   10840 |   13001 |  54.5 |      29 |      37 |  56.1
    Swamp:1 |   16542 |       0 |   0.0 |      34 |       0 |   0.0
    Swamp:2 |   10319 |       0 |   0.0 |      24 |       0 |   0.0
    Swamp:3 |   17626 |    9562 |  35.2 |      40 |       9 |  18.4
    Swamp:4 |   14078 |   17263 |  55.1 |      35 |      29 |  45.3
    Snake:1 |   14706 |    3359 |  18.6 |      28 |       2 |   6.7
    Snake:2 |   22443 |       0 |   0.0 |      44 |       0 |   0.0
    Snake:3 |    6514 |    6151 |  48.6 |      14 |       8 |  36.4
    Snake:4 |   22772 |   38783 |  63.0 |      39 |      42 |  51.9
    Slime:1 |    6619 |       0 |   0.0 |      17 |       0 |   0.0
    Slime:2 |   13024 |       0 |   0.0 |      25 |       0 |   0.0
    Slime:3 |    3942 |       0 |   0.0 |      15 |       0 |   0.0
    Slime:4 |    6580 |       0 |   0.0 |       7 |       0 |   0.0
    Slime:5 |   24035 |   33744 |  58.4 |      36 |      15 |  29.4
      Orc:1 |    8999 |     987 |   9.9 |      57 |       1 |   1.7
      Orc:2 |    2480 |   19934 |  88.9 |       9 |      43 |  82.7
      Elf:1 |   18535 |   17050 |  47.9 |      30 |      32 |  51.6
      Elf:2 |   17230 |    3544 |  17.1 |      30 |       6 |  16.7
      Elf:3 |   15647 |   58890 |  79.0 |      24 |      45 |  65.2
   Vaults:1 |   47414 |   22737 |  32.4 |      97 |      46 |  32.2
   Vaults:2 |   39679 |   19852 |  33.3 |      71 |      33 |  31.7
   Vaults:3 |   26974 |   23773 |  46.8 |      41 |      30 |  42.3
   Vaults:4 |   33782 |   54869 |  61.9 |      46 |      63 |  57.8
   Vaults:5 |   33529 |  128299 |  79.3 |      53 |      86 |  61.9
   Depths:1 |   36399 |   35177 |  49.1 |      47 |      41 |  46.6
   Depths:2 |   35731 |    8447 |  19.1 |      52 |       5 |   8.8
   Depths:3 |   28424 |   50128 |  63.8 |      30 |      67 |  69.1
   Depths:4 |   37509 |   13632 |  26.7 |      47 |      11 |  19.0
   Depths:5 |   46767 |   24732 |  34.6 |      49 |      20 |  29.0
      Zot:1 |   57279 |       0 |   0.0 |      34 |       0 |   0.0
      Zot:2 |   63491 |       0 |   0.0 |      41 |       0 |   0.0
      Zot:3 |   41458 |       0 |   0.0 |      26 |       0 |   0.0
      Zot:4 |   56288 |       0 |   0.0 |      30 |       0 |   0.0
      Zot:5 |   33692 |  153486 |  82.0 |      20 |      40 |  66.7
    Abyss:2 |    4411 |       0 |   0.0 |      14 |       0 |   0.0
    Abyss:3 |   50808 |    9707 |  16.0 |     103 |      12 |  10.4
    Abyss:4 |    5276 |       0 |   0.0 |       7 |       0 |   0.0
    Ossuary |       0 |     885 | 100.0 |       0 |      31 | 100.0
      IceCv |       0 |    4611 | 100.0 |       0 |      23 | 100.0
     WizLab |       0 |   14329 | 100.0 |       0 |      19 | 100.0
            +---------+---------+-------+---------+---------+-------
